 Dungeon Crawl Stone Soup version 0.29-a0-565-g7a16c6de65 (webtiles) character file.

Game seed: 14579618856088311161

338 KristoblXynda the Ruffian (level 6, -2/61 HPs)
             Began as a Troll Monk on June 12, 2022.
             Slain by a gnoll
             ... wielding a +0 halberd
              (13 damage)
             ... on level 5 of the Dungeon.
             The game lasted 00:03:46 (3227 turns).

KristoblXynda the Ruffian (Troll Monk)              Turns: 3227, Time: 00:03:46

Health: -2/61      AC:  4    Str: 20    XL:     6   Next: 29%
Magic:  5/5        EV: 10    Int:  8    God:
Gold:   219        SH:  0    Dex: 12    Spells: 5/5 levels left

rFire   . . .      SeeInvis .     - Unarmed
rCold   . . .      Faith    .   (no shield)
rNeg    . . .      Spirit   .   a - +0 robe
rPois   .          Reflect  .   (helmet restricted)
rElec   .          Harm     .   (no cloak)
rCorr   .          Rampage  .   (gloves unavailable)
Will    .....                   (boots unavailable)
Stlth   ++........              (no amulet)
HPRegen 1.00/turn               (no ring)
MPRegen 0.09/turn               (no ring)

@: no status effects
A: large, unfitting armour, claws 3, regeneration 1, shaggy fur 1, tough skin 1
a: no special abilities


You were on level 5 of the Dungeon.
You visited 2 branches of the dungeon, and saw 6 of its levels.

You collected 249 gold pieces.
You spent 30 gold pieces at shops.

Inventory:

Armour
 a - a +0 robe (worn)
Jewellery
 d - a +6 ring of intelligence
Scrolls
 e - 2 scrolls of poison {unknown}
 f - 3 scrolls of teleportation
 g - 3 scrolls of immolation {unknown}
 h - a scroll of noise {unknown}
 l - a scroll of magic mapping {unknown}
 m - a scroll of fear {unknown}
 n - a scroll of enchant weapon {unknown}
Potions
 b - a potion of ambrosia
 c - a potion of degeneration {unknown}
 i - a potion of might
 j - a potion of brilliance
 k - a potion of lignification


   Skills:
 + Level 3.6 Fighting
 + Level 2.3 Armour
 + Level 3.5 Dodging
 - Level 1.0 Stealth
 + Level 4.3 Unarmed Combat


You had 5 spell levels left.
You didn't know any spells.
Your spell library was empty.

Dungeon Overview and Level Annotations

Branches:
Dungeon (5/15)             Temple (1/1) D:4

Altars:
Ashenzari
Cheibriados
Elyvilon
Fedhas
Kikubaaqudgha
Makhleb
Nemelex Xobeh
Ru
Sif Muna
Trog
Uskayaw
Vehumet
Wu Jian
Xom
Zin
The Shining One

Shops:
D:4 *


Innate Abilities, Weirdness & Mutations

You are too large for most types of armour.
You have claws for hands.
Your natural rate of healing is unusually fast.
You are covered in fur. (AC +1)
You have tough skin. (AC +1)


Message History

You become entangled in the net!
The water moccasin bites you but does no damage.
You see here a throwing net.
You are held in a net!
You are held in a net!
You are held in a net!
You are held in a net!
Unknown command.
You struggle against the net.
The gnoll completely misses you. The water moccasin bites you.
You are poisoned.
The water moccasin poisons you!
You struggle against the net.
You feel very sick. The water moccasin bites you!
The gnoll hits you with a +0 whip. The gnoll barely misses you.
You struggle against the net.
You feel very sick. The water moccasin barely misses you.
The gnoll barely misses you. The gnoll hits you but does no damage.
The gnoll hits you from afar with a +0 spear.
The water moccasin bites you.
You shred the net and break free!
You feel sick. The gnoll hits you with a +0 whip.
The gnoll hits you from afar with a +0 halberd!
* * * LOW HITPOINT WARNING * * *
The gnoll hits you from afar with a +0 spear.
* * * LOW HITPOINT WARNING * * *
The water moccasin misses you.
You feel better. The water moccasin misses you.
The gnoll hits you but does no damage. x2
The water moccasin closely misses you.
You claw the gnoll!
You kill the gnoll!
The gnoll barely misses you.
The gnoll hits you from afar with a +0 spear.
* * * LOW HITPOINT WARNING * * *
The water moccasin barely misses you.
The gnoll hits you from afar with a +0 halberd!
You die...

#. #.# # ###.###.#####
#. ...?.#.#... #.
##.#..... #.
##..S.#g#.### ## #.
#.....)g..... #.#
..##.###...@####### #.#
........#.#### #.#
##.####.#..... #.#
#........### #.#
######'### #.# ##...##
#.## ##.....## ###..#
#.......## ##.##.#
#.........####...#.#####


You could see a water moccasin and 2 gnolls.

Vanquished Creatures
  A scorpion (D:4)
  2 orc priests (D:4)
  Jessica (D:2)
  Terence (D:3)
  5 gnolls
  An adder (D:3)
  2 worms (D:3)
  6 dart slugs
  8 orcs (D:4)
  7 ball pythons
  10 endoplasms
  4 giant cockroaches
  5 goblins
  4 hobgoblins
  7 kobolds
  5 quokkas
  10 bats
  3 frilled lizards
  6 rats
88 creatures vanquished.

Vanquished Creatures (others)
  3 plants
3 creatures vanquished.

Grand Total: 91 creatures vanquished

Notes
Turn   | Place    | Note
-------+----------+-------------------------------------------
     0 | D:1      | KristoblXynda the Troll Monk began the quest for the Orb.
     0 | D:1      | Reached XP level 1. HP: 22/22 MP: 0/0
    35 | D:1      | Reached XP level 2. HP: 27/29 MP: 1/1
   323 | D:1      | Reached XP level 3. HP: 28/36 MP: 2/2
   334 | D:1      | Found a faded altar of an unknown god.
   750 | D:2      | Reached skill level 1 in Armour
   803 | D:2      | Noticed Jessica
   812 | D:2      | Killed Jessica
   952 | D:2      | Reached XP level 4. HP: 44/44 MP: 3/3
  1509 | D:3      | Reached XP level 5. HP: 53/53 MP: 4/4
  1532 | D:3      | Noticed Terence
  1541 | D:3      | Killed Terence
  1954 | D:4      | Reached skill level 4 in Unarmed Combat
  2073 | D:4      | Found an ornate altar of the Wu Jian Council.
  2154 | D:4      | Found Leddumm's General Store.
  2164 | D:4      | Bought a scroll of teleportation for 30 gold pieces
  2204 | D:4      | Found a staircase to the Ecumenical Temple.
  2348 | D:4      | Reached XP level 6. HP: 50/61 MP: 5/5
  2933 | Temple   | Entered the Ecumenical Temple
  3177 | D:5      | Entered Level 5 of the Dungeon
  3216 | D:5      | Noticed a water moccasin
  3227 | D:5      | Slain by a gnoll

Illustrated notes

Levels and vault maps discovered:
D:1:      scummos_arrival_simple_crosswalls, layout_basic,
          dreamdust_ecumenical_altar_grove, nrook_loot_triangle
D:2:      layout_basic, uniq_jessica
D:3:      layout_loops_ring, uniq_terence
D:4:      layout_basic, mainiacjoe_overflow_alcove_1,
          minmay_temple_entry_glassed_door, serial_shops, nicolae_square_shop
D:5:      due_chaos_kobolds, layout_loops_corners,
          mainiacjoe_overflow_boulevard, gammafunk_ghost_arena
Temple:   regret_index_temple_generic_petals

Skill      XL: |  1  2  3  4  5 |
---------------+----------------+-----
Armour         | 1 2 |  2.3
Fighting       | 3 |  3.6
Dodging        | 3 |  3.5
Unarmed Combat | 4 |  4.3
Stealth        | |  1.0

Action                   |  1- 3 |  4- 6 || total
-------------------------+-------+-------++-------
Melee: Unarmed           |    76 |   149 ||   225
       Punch             |     1 |     1 ||     2
  Use: Scroll            |       |     3 ||     3
       Potion            |       |     2 ||     2
 Stab: Sleeping          |     3 |     1 ||     4
Armor: Robe              |    38 |    34 ||    72
Dodge: Dodged            |    40 |    63 ||   103

Table legend: (Time is in decaauts)
 A = Elapsed time spent in this place.
 B = Non-inter-level travel time spent in this place.
 C = Inter-level travel time spent in this place.
 D = Time resting spent in this place.
 E = Time spent auto-exploring this place.
 F = Levels seen in this place.
 G = Mean time per level.
                   A        B        C        D        E       F      G
               +--------+--------+--------+--------+--------+-----+--------+
         Total |   3216 |   3004 |    212 |    147 |   2303 |   6 |  536.0 |
       Dungeon |   2994 |   2809 |    185 |    147 |   2118 |   5 |  598.8 |
        Temple |    221 |    194 |     27 |      0 |    185 |   1 |  221.0 |
               +--------+--------+--------+--------+--------+-----+--------+

Top non-repeatable levels by time:
     D:4: 1056 daAuts
     D:3: 712 daAuts
     D:1: 708 daAuts
     D:2: 467 daAuts
  Temple: 221 daAuts
     D:5: 49 daAuts
